 Dungeon Crawl Stone Soup version 0.19-a0-27-g415f530 (webtiles) character file.

942 M4edhros the Martial Artist (level 7, -6/51 HPs)
             Began as a Vampire Monk on May 1, 2016.
             Mangled by an orc warrior
             ... wielding a +0 scimitar
              (15 damage)
             ... on level 7 of the Dungeon.
             The game lasted 00:09:07 (1740 turns).

M4edhros the Martial Artist (Vampire Monk)          Turns: 1740, Time: 00:09:07

Health: -6/51      AC:  2    Str: 12    XL:     7   Next: 88%
Magic:  7/7        EV: 13    Int: 13    God:
Gold:   189        SH:  3    Dex: 16    Spells: 0 memorised, 6 levels left

rFire  . . .     SeeInvis +       - Unarmed
rCold  . . .     Gourm    .     a - +0 robe
rNeg   . . .     Faith    .     l - +0 buckler
rPois  .         Spirit   .     (helmet restricted)
rElec  .         Dismiss  .     (no cloak)
rCorr  .         Reflect  .     (no gloves)
SustAt .         Harm     .     (no boots)
MR     .....                    (no amulet)
Stlth  +++.......               (no ring)
                                (no ring)

@: regenerating very quickly, not resistant to hostile enchantments, fairly
stealthy
A: antennae 1, fangs 3, see invisible, unbreathing
a: no special abilities


You were on level 7 of the Dungeon.
You were almost alive.

You visited 1 branch of the dungeon, and saw 7 of its levels.

You collected 189 gold pieces.

Inventory:

Hand Weapons
 f - a +2 spear of flaming
 k - a +1 dagger of venom
Missiles
 g - a throwing net (quivered)
Armour
 a - a +0 robe (worn)
 l - a +0 buckler (worn)
Scrolls
 b - 4 scrolls of teleportation {unknown}
 d - a scroll of recharging {unknown}
 h - 3 scrolls of remove curse {unknown}
 j - 3 scrolls of identify {unknown}
 m - a scroll of fear {unknown}
 n - a scroll of enchant weapon {unknown}
Potions
 e - 4 potions of blood
Books
 i - a book of Clouds

   Spells                             Type                      Level
   a - Mephitic Cloud                 Conjuration/Poison/Air       3
   b - Conjure Flame                  Conjuration/Fire             3
   c - Poisonous Cloud                Conjuration/Poison/Air       6
   d - Freezing Cloud                 Conjuration/Ice/Air          6
   e - Ring of Flames                 Charms/Fire                  7


   Skills:
 - Level 2.6 Fighting
 - Level 3.2 Dodging
 - Level 3.0 Stealth
 + Level 10.7 Unarmed Combat


You had 6 spell levels left.
You didn't know any spells.

Dungeon Overview and Level Annotations

Branches:
Dungeon (7/15)
 Temple: D:4-7

Altars:
Gozag
The Shining One

Annotations:
D:6 Dowan, Duvessa


Innate Abilities, Weirdness & Mutations

Your natural rate of healing is extremely fast.
You have razor-sharp teeth.
You have supernaturally acute eyesight.
You can survive without breathing.
You have a pair of small antennae on your head.


Message History

The big kobold is almost dead.
The big kobold hits you with a short sword.
* * * LOW HITPOINT WARNING * * *
The kobold barely misses you.
You hear a distant slurping noise.
Drink which item? (? for menu, Esc to quit)
It was a potion of heal wounds.
You feel much better. The kobold misses you. The big kobold barely misses you.
You punch the big kobold!
You kill the big kobold!
The kobold hits you.
You punch the kobold!
You kill the kobold!
You hit the orc warrior but do no damage.
You bite the orc warrior, but do no damage.
The orc warrior hits you with a scimitar!
* * * LOW HITPOINT WARNING * * *
You hit the orc warrior but do no damage.
The orc warrior hits you with a scimitar!
You die...

#####
####.o)# #
#Ko..#@#
#..K##.###
.KK.K%K.<#
#.##.....#
..o.....#
...####.##
.. #.# .
#.# #.#


You could see an orc warrior.

Vanquished Creatures
  Edmund (D:5)
  A sky beast (D:6)
  2 ogres (D:4)
  A big kobold (D:7)
  3 crimson imps (D:5)
  A jelly (D:6)
  A giant frog skeleton (D:5)
  A centaur skeleton (D:4)
  A hound (D:4)
  2 orc wizards (D:5)
  An orc priest (D:5)
  4 worker ants
  3 adders
  An ooze (D:4)
  An adder skeleton (D:3)
  A worm (D:2)
  A dart slug (D:1)
  A giant gecko (D:6)
  10 orcs
  2 giant cockroaches
  5 goblins
  6 jackals
  6 kobolds
  A ball python (D:2)
  A ball python skeleton (D:5)
  2 giant newts
  A quokka skeleton (D:4)
  A rat (D:1)
62 creatures vanquished.

Vanquished Creatures (others)
  A quokka (D:2)
1 creature vanquished.

Grand Total: 63 creatures vanquished

Notes
Turn   | Place    | Note
--------------------------------------------------------------
     0 | D:1      | M4edhros the Vampire Monk began the quest for the Orb.
     0 | D:1      | Reached XP level 1. HP: 17/17 MP: 1/1
   110 | D:1      | You fall through a shaft!
   113 | D:2      | Reached XP level 2. HP: 10/23 MP: 2/2
   122 | D:2      | Reached skill level 5 in Unarmed Combat
   440 | D:4      | Noticed an ogre
   449 | D:4      | Killed an ogre
   449 | D:4      | Reached skill level 6 in Unarmed Combat
   449 | D:4      | Reached XP level 3. HP: 21/28 MP: 3/3
   449 | D:4      | Reached XP level 4. HP: 26/34 MP: 4/4
   483 | D:4      | Reached XP level 5. HP: 29/39 MP: 5/5
   486 | D:4      | Noticed an ogre
   533 | D:4      | Reached skill level 7 in Unarmed Combat
   586 | D:4      | Found a glowing golden altar of the Shining One.
   633 | D:4      | Found an opulent altar of Gozag.
   799 | D:4      | Killed an ogre
   799 | D:4      | Reached skill level 8 in Unarmed Combat
   799 | D:4      | Reached XP level 6. HP: 28/46 MP: 6/6
   833 | D:5      | Entered Level 5 of the Dungeon
   879 | D:5      | Noticed Edmund
   898 | D:5      | Killed Edmund
   988 | D:5      | Reached skill level 9 in Unarmed Combat
  1027 | D:6      | Noticed Duvessa
  1027 | D:6      | Noticed Dowan
  1038 | D:5      | Reached XP level 7. HP: 24/51 MP: 7/7
  1170 | D:5      | Gained mutation: You have a pair of small antennae on your head. [potion of beneficial mutation]
  1457 | D:5      | Reached skill level 10 in Unarmed Combat
  1740 | D:7      | Mangled by an orc warrior

Vault maps used:
D:1:      dpeg_arrival_lava_temple_mockup
D:2:      lemuel_upstairs_altar, corexii_hall_statues_u, elyvilon_altar_4
D:3:      lemuel_doored_altar, first_bread, led_sif_pool
D:4:      lemuel_crystal_altar, minivault_14, grunt_gozag_statues
D:5:      uniq_edmund
D:6:      grunt_tough_drop, uniq_duvessa
D:7:      kennysheep_slugbush, grunt_temple_overflow_diamond,
          minmay_temple_entry_trees, grunt_ogre_cave

Skill      XL: |  1  2  3  4  5  6  7 |
---------------+----------------------+-----
Unarmed Combat | 6 8 9 10 | 10.7
Fighting       | |  2.6
Dodging        | |  3.2
Stealth        | |  3.0

Action                   |  1- 3 |  4- 6 |  7- 9 || total
-------------------------+-------+-------+-------++-------
Melee: Unarmed           |    60 |    73 |    68 ||   201
       Bite              |     6 |    14 |    12 ||    32
       Punch             |     2 |     2 |       ||     4
       Spear             |       |     2 |       ||     2
       Dagger            |       |    32 |    57 ||    89
  Use: Potion            |    11 |     4 |     6 ||    21
 Stab: Sleeping          |     4 |     2 |     2 ||     8
Armor: Robe              |     7 |    10 |    10 ||    27
Dodge: Dodged            |    35 |    59 |    70 ||   164
Block: Buckler           |       |     4 |    16 ||    20
